Capitals vs Wild

Created - February 6 2007 at 18:59

Goals
1 2 3 T
Capitals 0 0 2 2
Wild 2 1 0 3
Shots
1 2 3 T
Capitals 17 9 10 36
Wild 12 10 13 35

Period #1

1. Wild , Brian Rolston 10 (Mikael Samuelsson, Lubomir Visnovsky) at 7:34
2. Wild , Pierre-Marc Bouchard 10 (Darryl Sydor, Todd White) at 19:54

Penalities :
Chris Clark (WSH) for Roughing (Minor) at 4:39, Martin Skoula (MIN) for Holding (Minor) at 14:54

Period #2

3. Wild , Rod Brind'Amour 16 (Martin Skoula, Alexandre Daigle) at 8:01

Penalities :
Ben Clymer (WSH) for Charging (Minor) at 4:21, Brian Pothier (WSH) for Hooking (Minor) at 10:01, Pavol Demitra (MIN) for High sticking (Minor) at 15:38

Period #3

4. Capitals , Alexander Ovechkin 23 (Brian Sutherby) at 3:58
5. Capitals , Brian Sutherby 11 (Adrian Aucoin, Alexander Ovechkin) at 10:02

Penalities :
Matt Pettinger (WSH) for Interference (Minor) at 1:38, Bryan Muir (WSH) for Roughing (Minor) at 8:22, Martin Skoula (MIN) for Roughing (Minor) at 8:59, Chris Clark (WSH) for Delaying the game (Minor) at 18:57

Goalie Stats

Olaf Kolzig (WSH), 32 saves from 35 shots - (0.914), L, 11-6-2, 60:00 minutes
Manny Fernandez (MIN), 34 saves from 36 shots - (0.944), W, 17-9-1, 60:00 minutes

Players Stats

Capitals
Player Name              G  A  P  +/- PIM S  H  SB FO MP 
-----------------------------------------------------------
Adrian Aucoin            0  1  1   0  0   2  0  3  0  23 
Alexander Ovechkin       1  1  2   1  0   8  2  0  3  25 
Andrew Cassels           0  0  0  -1  0   1  0  0  10 13 
Ben Clymer               0  0  0  -1  2   1  0  2  0  20 
Brian Pothier            0  0  0   0  2   0  0  5  0  23 
Brian Sutherby           1  1  2   1  0   4  0  0  20 19 
Brooks Laich             0  0  0   0  0   0  0  0  0  5  
Bryan Muir               0  0  0   0  2   1  0  0  0  16 
Chris Clark              0  0  0   0  4   2  1  2  1  21 
Dainius Zubrus           0  0  0  -1  0   1  0  0  15 18 
Ivan Majesky             0  0  0   0  0   0  0  0  0  5  
Matt Pettinger           0  0  0  -1  2   1  0  0  1  9  
Patrik Stefan            0  0  0  -1  0   8  0  0  31 19 
Rene Bourque             0  0  0  -1  0   3  3  0  0  17 
Richard Zednik           0  0  0   0  0   0  0  0  1  11 
Shaone Morrisonn         0  0  0  -1  0   0  1  2  0  21 
Steve Eminger            0  0  0   0  0   0  1  1  0  19 
Trent Hunter             0  0  0  -1  0   4  0  1  1  24 
Wild
Player Name              G  A  P  +/- PIM S  H  SB FO MP 
-----------------------------------------------------------
Alexandre Daigle         0  1  1   1  0   1  0  0  1  14 
Brian Rolston            1  0  1   0  0   3  0  0  1  23 
Darryl Sydor             0  1  1   0  0   0  0  0  0  22 
Eric Brewer              0  0  0   1  0   1  1  1  0  17 
Gary Roberts             0  0  0   0  0   0  0  0  0  8  
Keith Carney             0  0  0   0  0   2  1  2  0  23 
Kyle Calder              0  0  0   1  0   5  1  0  1  21 
Lubomir Visnovsky        0  1  1   0  0   0  1  1  0  23 
Marian Gaborik           0  0  0  -1  0   3  1  0  2  18 
Martin Skoula            0  1  1   1  4   1  0  0  0  22 
Mikael Samuelsson        0  1  1   0  0   0  0  0  1  6  
Nick Schultz             0  0  0   0  0   0  1  0  0  18 
Pascal Dupuis            0  0  0   1  0   3  0  1  0  17 
Pavol Demitra            0  0  0   0  2   2  1  0  23 19 
Pierre-Marc Bouchard     1  0  1   1  0   6  0  0  1  16 
Rod Brind'Amour          1  0  1   0  0   4  0  0  24 22 
Todd White               0  1  1   1  0   3  0  0  20 16 
Wes Walz                 0  0  0   0  0   1  0  0  9  6  

3 Stars

1 - Manny Fernandez (MIN)
2 - Alexander Ovechkin (WSH)
3 - Brian Sutherby (WSH)

Power Play

Capitals - 0 on 3 Attempt(s) - 0.00%
Wild - 0 on 6 Attempt(s) - 0.00%

Penalty Kill

Capitals - 6 on 6 Attempt(s) - 100.00% - Score 0 goal in Penalty Kill
Wild - 3 on 3 Attempt(s) - 100.00% - Score 0 goal in Penalty Kill

Game Notes

No Game Note

Finance

Level 1 -- Attendance: 4548 (75.80%) -- Ticket Income $454,800.00
Level 2 -- Attendance: 3613 (72.26%) -- Ticket Income $216,780.00
Level 3 -- Attendance: 1878 (91.01%) -- Ticket Income $65,730.00
Level 4 -- Attendance: 3802 (95.04%) -- Ticket Income $76,040.00
Luxury Box -- Attendance: 796 (79.59%) -- Ticket Income $159,200.00
Game was played at the Xcel Energy Center
Total Attendance: 14637 (81.03%)
Total Ticket Income: $1,029,066.00
Other Income: $49,416.30
Total Income: $1,078,482.00


Play by Play

Period #1

0:01 of 1st period - Dainius Zubrus wins face-off versus Pavol Demitra in neutral zone.
0:09 of 1st period - Alexander Ovechkin is hit by Lubomir Visnovsky and loses puck.
0:11 of 1st period - Shot by Alexander Ovechkin.
0:11 of 1st period - Stopped by Manny Fernandez without a rebound.
0:12 of 1st period - Rod Brind'Amour wins face-off versus Patrik Stefan in Wild zone.
0:21 of 1st period - Shot by Alexandre Daigle.
0:21 of 1st period - Stopped by Olaf Kolzig without a rebound.
0:22 of 1st period - Todd White wins face-off versus Alexander Ovechkin in Capitals zone.
1:10 of 1st period - Icing by Eric Brewer.
1:11 of 1st period - Todd White wins face-off versus Patrik Stefan in Wild zone.
1:38 of 1st period - Shot by Patrik Stefan.
1:38 of 1st period - Shot Misses the Net.
1:43 of 1st period - Shot by Trent Hunter.
1:43 of 1st period - Stopped by Manny Fernandez without a rebound.
1:44 of 1st period - Dainius Zubrus wins face-off versus Pavol Demitra in Wild zone.
1:45 of 1st period - Shot by Alexander Ovechkin.
1:45 of 1st period - Stopped by Manny Fernandez without a rebound.
1:46 of 1st period - Pavol Demitra wins face-off versus Dainius Zubrus in Wild zone.
2:13 of 1st period - Shot by Adrian Aucoin.
2:13 of 1st period - Stopped by Manny Fernandez with a rebound.
2:17 of 1st period - Icing by Lubomir Visnovsky.
2:18 of 1st period - Pavol Demitra wins face-off versus Patrik Stefan in Wild zone.
3:37 of 1st period - Shot by Chris Clark.
3:37 of 1st period - Stopped by Manny Fernandez without a rebound.
3:38 of 1st period - Rod Brind'Amour wins face-off versus Andrew Cassels in Wild zone.
4:05 of 1st period - Shot by Trent Hunter.
4:05 of 1st period - Shot Misses the Net.
4:39 of 1st period - Minor Penalty to Chris Clark for Roughing.
4:40 of 1st period - Todd White wins face-off versus Patrik Stefan in neutral zone.
5:03 of 1st period - Shot by Gary Roberts.
5:03 of 1st period - Shot Misses the Net.
5:04 of 1st period - Shot by Eric Brewer.
5:04 of 1st period - Shot Misses the Net.
5:15 of 1st period - Shot by Eric Brewer.
5:15 of 1st period - Shot Blocked by Brian Pothier.
5:16 of 1st period - Shot by Pierre-Marc Bouchard.
5:16 of 1st period - Shot Misses the Net.
5:19 of 1st period - Shot by Pierre-Marc Bouchard.
5:19 of 1st period - Shot Misses the Net.
5:20 of 1st period - Shot by Pierre-Marc Bouchard.
5:20 of 1st period - Shot Misses the Net.
6:57 of 1st period - Shot by Alexander Ovechkin.
6:57 of 1st period - Stopped by Manny Fernandez with a rebound.
6:58 of 1st period - Shot by Bryan Muir.
6:58 of 1st period - Stopped by Manny Fernandez without a rebound.
6:59 of 1st period - Rod Brind'Amour wins face-off versus Patrik Stefan in Wild zone.
7:04 of 1st period - Shot by Trent Hunter.
7:04 of 1st period - Stopped by Manny Fernandez without a rebound.
7:05 of 1st period - Wes Walz wins face-off versus Brian Sutherby in Wild zone.
7:34 of 1st period - Shot by Brian Rolston.
7:34 of 1st period - Goal by Brian Rolston.
7:35 of 1st period - Patrik Stefan wins face-off versus Rod Brind'Amour in neutral zone.
7:50 of 1st period - Shot by Patrik Stefan.
7:50 of 1st period - Stopped by Manny Fernandez without a rebound.
7:51 of 1st period - Andrew Cassels wins face-off versus Todd White in Wild zone.
7:57 of 1st period - Icing by Pierre-Marc Bouchard.
7:58 of 1st period - Matt Pettinger wins face-off versus Todd White in Wild zone.
7:59 of 1st period - Shot by Trent Hunter.
7:59 of 1st period - Shot Blocked by Eric Brewer.
8:04 of 1st period - Shot by Pierre-Marc Bouchard.
8:04 of 1st period - Stopped by Olaf Kolzig without a rebound.
8:05 of 1st period - Rod Brind'Amour wins face-off versus Patrik Stefan in Capitals zone.
8:48 of 1st period - Shot by Pavol Demitra.
8:48 of 1st period - Stopped by Olaf Kolzig without a rebound.
8:49 of 1st period - Pierre-Marc Bouchard wins face-off versus Richard Zednik in Capitals zone.
9:53 of 1st period - Chris Clark is hit by Nick Schultz and loses puck.
9:58 of 1st period - Icing by Nick Schultz.
9:59 of 1st period - Patrik Stefan wins face-off versus Pavol Demitra in Wild zone.
10:08 of 1st period - Shot by Patrik Stefan.
10:08 of 1st period - Shot Misses the Net.
10:13 of 1st period - Shot by Marian Gaborik.
10:13 of 1st period - Shot Misses the Net.
10:16 of 1st period - Shot by Marian Gaborik.
10:16 of 1st period - Shot Misses the Net.
10:19 of 1st period - Shot by Marian Gaborik.
10:19 of 1st period - Stopped by Olaf Kolzig without a rebound.
10:20 of 1st period - Rod Brind'Amour wins face-off versus Brian Sutherby in Capitals zone.
10:39 of 1st period - Shot by Alexandre Daigle.
10:39 of 1st period - Shot Misses the Net.
10:40 of 1st period - Shot by Keith Carney.
10:40 of 1st period - Stopped by Olaf Kolzig without a rebound.
10:41 of 1st period - Wes Walz wins face-off versus Andrew Cassels in Capitals zone.
11:01 of 1st period - Off-side.
11:02 of 1st period - Rod Brind'Amour wins face-off versus Patrik Stefan in neutral zone.
11:07 of 1st period - Shot by Kyle Calder.
11:07 of 1st period - Stopped by Olaf Kolzig without a rebound.
11:08 of 1st period - Brian Sutherby wins face-off versus Alexandre Daigle in Capitals zone.
12:03 of 1st period - Shot by Trent Hunter.
12:03 of 1st period - Shot Misses the Net.
13:25 of 1st period - Off-side.
13:26 of 1st period - Brian Sutherby wins face-off versus Wes Walz in neutral zone.
13:39 of 1st period - Shot by Chris Clark.
13:39 of 1st period - Shot Misses the Net.
14:16 of 1st period - Shot by Andrew Cassels.
14:16 of 1st period - Stopped by Manny Fernandez without a rebound.
14:17 of 1st period - Patrik Stefan wins face-off versus Todd White in Wild zone.
14:38 of 1st period - Shot by Patrik Stefan.
14:38 of 1st period - Stopped by Manny Fernandez with a rebound.
14:41 of 1st period - Shot by Patrik Stefan.
14:41 of 1st period - Stopped by Manny Fernandez without a rebound.
14:42 of 1st period - Rod Brind'Amour wins face-off versus Dainius Zubrus in Wild zone.
14:54 of 1st period - Minor Penalty to Martin Skoula for Holding.
14:55 of 1st period - Marian Gaborik wins face-off versus Brian Sutherby in Wild zone.
15:28 of 1st period - Shot by Rene Bourque.
15:28 of 1st period - Stopped by Manny Fernandez without a rebound.
15:29 of 1st period - Pavol Demitra wins face-off versus Dainius Zubrus in Wild zone.
15:52 of 1st period - Shot by Alexander Ovechkin.
15:52 of 1st period - Stopped by Manny Fernandez with a rebound.
15:55 of 1st period - Shot by Alexander Ovechkin.
15:55 of 1st period - Shot Misses the Net.
16:24 of 1st period - Shot by Chris Clark.
16:24 of 1st period - Shot Misses the Net.
17:15 of 1st period - Shot by Matt Pettinger.
17:15 of 1st period - Stopped by Manny Fernandez without a rebound.
17:16 of 1st period - Brian Sutherby wins face-off versus Mikael Samuelsson in Wild zone.
17:35 of 1st period - Shot by Brian Sutherby.
17:35 of 1st period - Stopped by Manny Fernandez without a rebound.
17:36 of 1st period - Patrik Stefan wins face-off versus Rod Brind'Amour in Wild zone.
18:37 of 1st period - Shot by Pierre-Marc Bouchard.
18:37 of 1st period - Stopped by Olaf Kolzig without a rebound.
18:38 of 1st period - Pavol Demitra wins face-off versus Dainius Zubrus in Capitals zone.
19:01 of 1st period - Shot by Alexander Ovechkin.
19:01 of 1st period - Shot Misses the Net.
19:06 of 1st period - Shot by Adrian Aucoin.
19:06 of 1st period - Stopped by Manny Fernandez without a rebound.
19:07 of 1st period - Todd White wins face-off versus Brian Sutherby in Wild zone.
19:14 of 1st period - Shot by Todd White.
19:14 of 1st period - Stopped by Olaf Kolzig without a rebound.
19:15 of 1st period - Rod Brind'Amour wins face-off versus Alexander Ovechkin in Capitals zone.
19:15 of 1st period - Kyle Calder is hit by Alexander Ovechkin and loses puck.
19:27 of 1st period - Shot by Rod Brind'Amour.
19:27 of 1st period - Stopped by Olaf Kolzig with a rebound.
19:32 of 1st period - Shot by Rod Brind'Amour.
19:32 of 1st period - Stopped by Olaf Kolzig without a rebound.
19:33 of 1st period - Andrew Cassels wins face-off versus Todd White in Capitals zone.
19:52 of 1st period - Shot by Todd White.
19:52 of 1st period - Shot Blocked by Brian Pothier.
19:53 of 1st period - Shot by Darryl Sydor.
19:53 of 1st period - Shot Blocked by Adrian Aucoin.
19:54 of 1st period - Shot by Pierre-Marc Bouchard.
19:54 of 1st period - Goal by Pierre-Marc Bouchard.
19:55 of 1st period - Pavol Demitra wins face-off versus Brian Sutherby in neutral zone.

Period #2

0:01 of 2nd period - Dainius Zubrus wins face-off versus Pavol Demitra in neutral zone.
0:03 of 2nd period - Off-side.
0:04 of 2nd period - Patrik Stefan wins face-off versus Rod Brind'Amour in neutral zone.
0:14 of 2nd period - Alexandre Daigle is hit by Rene Bourque and loses puck.
0:37 of 2nd period - Patrik Stefan is hit by Kyle Calder and loses puck.
0:41 of 2nd period - Shot by Trent Hunter.
0:41 of 2nd period - Stopped by Manny Fernandez without a rebound.
0:42 of 2nd period - Pavol Demitra wins face-off versus Dainius Zubrus in Wild zone.
0:46 of 2nd period - Off-side.
0:47 of 2nd period - Todd White wins face-off versus Brian Sutherby in neutral zone.
0:47 of 2nd period - Pascal Dupuis is hit by Chris Clark and loses puck.
0:53 of 2nd period - Shot by Todd White.
0:53 of 2nd period - Shot Blocked by Steve Eminger.
0:56 of 2nd period - Shot by Pierre-Marc Bouchard.
0:56 of 2nd period - Stopped by Olaf Kolzig without a rebound.
0:57 of 2nd period - Pavol Demitra wins face-off versus Dainius Zubrus in Capitals zone.
1:00 of 2nd period - Shot by Marian Gaborik.
1:00 of 2nd period - Shot Misses the Net.
1:03 of 2nd period - Shot by Pavol Demitra.
1:03 of 2nd period - Shot Blocked by Brian Pothier.
1:06 of 2nd period - Shot by Marian Gaborik.
1:06 of 2nd period - Shot Blocked by Brian Pothier.
1:34 of 2nd period - Alexander Ovechkin is hit by Marian Gaborik and loses puck.
2:02 of 2nd period - Shot by Todd White.
2:02 of 2nd period - Shot Misses the Net.
2:03 of 2nd period - Shot by Eric Brewer.
2:03 of 2nd period - Stopped by Olaf Kolzig without a rebound.
2:04 of 2nd period - Rod Brind'Amour wins face-off versus Patrik Stefan in Capitals zone.
2:07 of 2nd period - Shot by Alexandre Daigle.
2:07 of 2nd period - Stopped by Olaf Kolzig without a rebound.
2:08 of 2nd period - Rod Brind'Amour wins face-off versus Patrik Stefan in Capitals zone.
2:19 of 2nd period - Shot by Patrik Stefan.
2:19 of 2nd period - Shot Misses the Net.
2:22 of 2nd period - Shot by Patrik Stefan.
2:22 of 2nd period - Stopped by Manny Fernandez without a rebound.
2:23 of 2nd period - Trent Hunter wins face-off versus Todd White in Wild zone.
3:38 of 2nd period - Shot by Rod Brind'Amour.
3:38 of 2nd period - Stopped by Olaf Kolzig without a rebound.
3:39 of 2nd period - Pavol Demitra wins face-off versus Dainius Zubrus in Capitals zone.
4:02 of 2nd period - Shot by Dainius Zubrus.
4:02 of 2nd period - Shot Blocked by Lubomir Visnovsky.
4:05 of 2nd period - Shot by Alexander Ovechkin.
4:05 of 2nd period - Stopped by Manny Fernandez without a rebound.
4:06 of 2nd period - Wes Walz wins face-off versus Patrik Stefan in Wild zone.
4:14 of 2nd period - Brian Rolston is hit by Shaone Morrisonn and loses puck.
4:21 of 2nd period - Minor Penalty to Ben Clymer for Charging.
4:22 of 2nd period - Kyle Calder wins face-off versus Patrik Stefan in Capitals zone.
6:35 of 2nd period - Shot by Trent Hunter.
6:35 of 2nd period - Stopped by Manny Fernandez with a rebound.
6:38 of 2nd period - Shot by Patrik Stefan.
6:38 of 2nd period - Stopped by Manny Fernandez without a rebound.
6:39 of 2nd period - Wes Walz wins face-off versus Brian Sutherby in Wild zone.
6:54 of 2nd period - Shot by Brian Rolston.
6:54 of 2nd period - Shot Misses the Net.
7:23 of 2nd period - Shot by Trent Hunter.
7:23 of 2nd period - Shot Misses the Net.
7:58 of 2nd period - Shot by Alexandre Daigle.
7:58 of 2nd period - Shot Blocked by Ben Clymer.
8:01 of 2nd period - Shot by Rod Brind'Amour.
8:01 of 2nd period - Goal by Rod Brind'Amour.
8:02 of 2nd period - Patrik Stefan wins face-off versus Todd White in neutral zone.
8:07 of 2nd period - Shot by Rene Bourque.
8:07 of 2nd period - Stopped by Manny Fernandez without a rebound.
8:08 of 2nd period - Todd White wins face-off versus Dainius Zubrus in Wild zone.
8:27 of 2nd period - Shot by Todd White.
8:27 of 2nd period - Stopped by Olaf Kolzig without a rebound.
8:28 of 2nd period - Patrik Stefan wins face-off versus Pavol Demitra in Capitals zone.
8:38 of 2nd period - Pavol Demitra is hit by Rene Bourque and loses puck.
8:48 of 2nd period - Shot by Marian Gaborik.
8:48 of 2nd period - Stopped by Olaf Kolzig without a rebound.
8:49 of 2nd period - Brian Sutherby wins face-off versus Rod Brind'Amour in Capitals zone.
9:00 of 2nd period - Shot by Alexander Ovechkin.
9:00 of 2nd period - Shot Misses the Net.
9:18 of 2nd period - Icing by Keith Carney.
9:19 of 2nd period - Rod Brind'Amour wins face-off versus Patrik Stefan in Wild zone.
9:26 of 2nd period - Shot by Kyle Calder.
9:26 of 2nd period - Stopped by Olaf Kolzig without a rebound.
9:27 of 2nd period - Andrew Cassels wins face-off versus Todd White in Capitals zone.
10:01 of 2nd period - Minor Penalty to Brian Pothier for Hooking.
10:02 of 2nd period - Pavol Demitra wins face-off versus Andrew Cassels in Wild zone.
11:13 of 2nd period - Shot by Chris Clark.
11:13 of 2nd period - Stopped by Manny Fernandez without a rebound.
11:14 of 2nd period - Rod Brind'Amour wins face-off versus Patrik Stefan in Wild zone.
12:12 of 2nd period - Pierre-Marc Bouchard is hit by Alexander Ovechkin and loses puck.
12:22 of 2nd period - Shot by Pierre-Marc Bouchard.
12:22 of 2nd period - Stopped by Olaf Kolzig with a rebound.
12:23 of 2nd period - Shot by Darryl Sydor.
12:23 of 2nd period - Shot Misses the Net.
12:26 of 2nd period - Shot by Pierre-Marc Bouchard.
12:26 of 2nd period - Shot Blocked by Chris Clark.
12:27 of 2nd period - Shot by Todd White.
12:27 of 2nd period - Shot Misses the Net.
12:30 of 2nd period - Shot by Pierre-Marc Bouchard.
12:30 of 2nd period - Stopped by Olaf Kolzig without a rebound.
12:31 of 2nd period - Pavol Demitra wins face-off versus Andrew Cassels in Capitals zone.
12:37 of 2nd period - Andrew Cassels is hit by Pavol Demitra and loses puck.
14:08 of 2nd period - Chris Clark is hit by Keith Carney and loses puck.
15:31 of 2nd period - Marian Gaborik is hit by Rene Bourque and loses puck.
15:38 of 2nd period - Minor Penalty to Pavol Demitra for High sticking.
15:39 of 2nd period - Brian Sutherby wins face-off versus Brian Rolston in neutral zone.
16:38 of 2nd period - Shot by Dainius Zubrus.
16:38 of 2nd period - Shot Misses the Net.
17:41 of 2nd period - Shot by Alexander Ovechkin.
17:41 of 2nd period - Stopped by Manny Fernandez with a rebound.
17:44 of 2nd period - Shot by Richard Zednik.
17:44 of 2nd period - Shot Blocked by Pascal Dupuis.
17:45 of 2nd period - Shot by Bryan Muir.
17:45 of 2nd period - Stopped by Manny Fernandez without a rebound.
17:46 of 2nd period - Pavol Demitra wins face-off versus Andrew Cassels in Wild zone.
17:53 of 2nd period - Shot by Pierre-Marc Bouchard.
17:53 of 2nd period - Shot Misses the Net.

Period #3

0:01 of 3rd period - Pavol Demitra wins face-off versus Dainius Zubrus in neutral zone.
0:38 of 3rd period - Shot by Marian Gaborik.
0:38 of 3rd period - Stopped by Olaf Kolzig without a rebound.
0:39 of 3rd period - Rod Brind'Amour wins face-off versus Patrik Stefan in Capitals zone.
1:00 of 3rd period - Shot by Kyle Calder.
1:00 of 3rd period - Shot Blocked by Shaone Morrisonn.
1:03 of 3rd period - Shot by Rod Brind'Amour.
1:03 of 3rd period - Shot Misses the Net.
1:06 of 3rd period - Shot by Rod Brind'Amour.
1:06 of 3rd period - Shot Misses the Net.
1:09 of 3rd period - Shot by Rod Brind'Amour.
1:09 of 3rd period - Stopped by Olaf Kolzig with a rebound.
1:10 of 3rd period - Shot by Martin Skoula.
1:10 of 3rd period - Stopped by Olaf Kolzig without a rebound.
1:11 of 3rd period - Brian Sutherby wins face-off versus Todd White in Capitals zone.
1:22 of 3rd period - Shot by Brian Sutherby.
1:22 of 3rd period - Shot Misses the Net.
1:25 of 3rd period - Shot by Brian Sutherby.
1:25 of 3rd period - Stopped by Manny Fernandez without a rebound.
1:26 of 3rd period - Wes Walz wins face-off versus Andrew Cassels in Wild zone.
1:38 of 3rd period - Minor Penalty to Matt Pettinger for Interference.
1:39 of 3rd period - Rod Brind'Amour wins face-off versus Chris Clark in Capitals zone.
2:10 of 3rd period - Shot by Keith Carney.
2:10 of 3rd period - Shot Misses the Net.
2:11 of 3rd period - Shot by Keith Carney.
2:11 of 3rd period - Shot Misses the Net.
2:12 of 3rd period - Shot by Keith Carney.
2:12 of 3rd period - Shot Blocked by Adrian Aucoin.
2:37 of 3rd period - Shot by Marian Gaborik.
2:37 of 3rd period - Shot Blocked by Shaone Morrisonn.
3:04 of 3rd period - Shot by Marian Gaborik.
3:04 of 3rd period - Stopped by Olaf Kolzig without a rebound.
3:05 of 3rd period - Rod Brind'Amour wins face-off versus Patrik Stefan in Capitals zone.
3:14 of 3rd period - Shot by Rod Brind'Amour.
3:14 of 3rd period - Shot Misses the Net.
3:17 of 3rd period - Shot by Rod Brind'Amour.
3:17 of 3rd period - Shot Misses the Net.
3:18 of 3rd period - Shot by Keith Carney.
3:18 of 3rd period - Stopped by Olaf Kolzig with a rebound.
3:44 of 3rd period - Shaone Morrisonn is hit by Eric Brewer and loses puck.
3:52 of 3rd period - Shot by Rene Bourque.
3:52 of 3rd period - Shot Misses the Net.
3:53 of 3rd period - Shot by Shaone Morrisonn.
3:53 of 3rd period - Shot Misses the Net.
3:56 of 3rd period - Shot by Patrik Stefan.
3:56 of 3rd period - Stopped by Manny Fernandez without a rebound.
3:57 of 3rd period - Brian Sutherby wins face-off versus Wes Walz in Wild zone.
3:58 of 3rd period - Shot by Alexander Ovechkin.
3:58 of 3rd period - Goal by Alexander Ovechkin.
3:59 of 3rd period - Brian Sutherby wins face-off versus Wes Walz in neutral zone.
4:02 of 3rd period - Shot by Alexander Ovechkin.
4:02 of 3rd period - Stopped by Manny Fernandez without a rebound.
4:03 of 3rd period - Pavol Demitra wins face-off versus Brian Sutherby in Wild zone.
4:28 of 3rd period - Shot by Brian Rolston.
4:28 of 3rd period - Shot Misses the Net.
4:29 of 3rd period - Shot by Nick Schultz.
4:29 of 3rd period - Shot Misses the Net.
4:32 of 3rd period - Shot by Marian Gaborik.
4:32 of 3rd period - Shot Blocked by Chris Clark.
4:37 of 3rd period - Shot by Pavol Demitra.
4:37 of 3rd period - Shot Hit the Post.
5:22 of 3rd period - Shot by Pierre-Marc Bouchard.
5:22 of 3rd period - Shot Misses the Net.
5:55 of 3rd period - Shot by Kyle Calder.
5:55 of 3rd period - Stopped by Olaf Kolzig with a rebound.
6:02 of 3rd period - Shot by Rod Brind'Amour.
6:02 of 3rd period - Shot Blocked by Trent Hunter.
6:03 of 3rd period - Shot by Keith Carney.
6:03 of 3rd period - Shot Blocked by Brian Pothier.
6:25 of 3rd period - Off-side.
6:26 of 3rd period - Pavol Demitra wins face-off versus Patrik Stefan in neutral zone.
6:53 of 3rd period - Shot by Alexander Ovechkin.
6:53 of 3rd period - Shot Misses the Net.
6:54 of 3rd period - Shot by Patrik Stefan.
6:54 of 3rd period - Stopped by Manny Fernandez without a rebound.
6:55 of 3rd period - Brian Sutherby wins face-off versus Todd White in Wild zone.
7:08 of 3rd period - Shot by Brian Sutherby.
7:08 of 3rd period - Shot Misses the Net.
7:19 of 3rd period - Shot by Todd White.
7:19 of 3rd period - Shot Misses the Net.
7:22 of 3rd period - Shot by Todd White.
7:22 of 3rd period - Stopped by Olaf Kolzig without a rebound.
7:23 of 3rd period - Patrik Stefan wins face-off versus Rod Brind'Amour in Capitals zone.
7:34 of 3rd period - Shot by Dainius Zubrus.
7:34 of 3rd period - Stopped by Manny Fernandez without a rebound.
7:35 of 3rd period - Pavol Demitra wins face-off versus Patrik Stefan in Wild zone.
7:50 of 3rd period - Shot by Marian Gaborik.
7:50 of 3rd period - Shot Blocked by Ben Clymer.
8:22 of 3rd period - Minor Penalty to Bryan Muir for Roughing.
8:23 of 3rd period - Patrik Stefan wins face-off versus Rod Brind'Amour in Wild zone.
8:59 of 3rd period - Minor Penalty to Martin Skoula for Roughing.
9:00 of 3rd period - Brian Sutherby wins face-off versus Pavol Demitra in Wild zone.
9:19 of 3rd period - Shot by Matt Pettinger.
9:19 of 3rd period - Shot Misses the Net.
9:20 of 3rd period - Shot by Ben Clymer.
9:20 of 3rd period - Shot Misses the Net.
9:23 of 3rd period - Shot by Matt Pettinger.
9:23 of 3rd period - Shot Misses the Net.
9:24 of 3rd period - Shot by Brian Sutherby.
9:24 of 3rd period - Shot Misses the Net.
9:27 of 3rd period - Shot by Matt Pettinger.
9:27 of 3rd period - Shot Misses the Net.
10:02 of 3rd period - Shot by Brian Sutherby.
10:02 of 3rd period - Goal by Brian Sutherby.
10:03 of 3rd period - Dainius Zubrus wins face-off versus Marian Gaborik in neutral zone.
10:10 of 3rd period - Shot by Shaone Morrisonn.
10:10 of 3rd period - Shot Blocked by Keith Carney.
10:23 of 3rd period - Shot by Rod Brind'Amour.
10:23 of 3rd period - Shot Misses the Net.
12:40 of 3rd period - Shot by Patrik Stefan.
12:40 of 3rd period - Stopped by Manny Fernandez without a rebound.
12:41 of 3rd period - Todd White wins face-off versus Patrik Stefan in Wild zone.
12:52 of 3rd period - Shot by Pierre-Marc Bouchard.
12:52 of 3rd period - Stopped by Olaf Kolzig without a rebound.
12:53 of 3rd period - Todd White wins face-off versus Dainius Zubrus in Capitals zone.
12:54 of 3rd period - Shot by Pascal Dupuis.
12:54 of 3rd period - Stopped by Olaf Kolzig without a rebound.
12:55 of 3rd period - Todd White wins face-off versus Alexander Ovechkin in Capitals zone.
13:21 of 3rd period - Icing by Pierre-Marc Bouchard.
13:22 of 3rd period - Todd White wins face-off versus Patrik Stefan in Wild zone.
14:23 of 3rd period - Shot by Brian Rolston.
14:23 of 3rd period - Stopped by Olaf Kolzig without a rebound.
14:24 of 3rd period - Rod Brind'Amour wins face-off versus Dainius Zubrus in Capitals zone.
16:27 of 3rd period - Shot by Alexandre Daigle.
16:27 of 3rd period - Shot Misses the Net.
16:30 of 3rd period - Shot by Rod Brind'Amour.
16:30 of 3rd period - Shot Blocked by Adrian Aucoin.
16:33 of 3rd period - Shot by Kyle Calder.
16:33 of 3rd period - Shot Misses the Net.
16:34 of 3rd period - Shot by Kyle Calder.
16:34 of 3rd period - Shot Misses the Net.
16:49 of 3rd period - Shot by Wes Walz.
16:49 of 3rd period - Stopped by Olaf Kolzig without a rebound.
16:50 of 3rd period - Patrik Stefan wins face-off versus Pavol Demitra in Capitals zone.
17:03 of 3rd period - Shot by Rene Bourque.
17:03 of 3rd period - Stopped by Manny Fernandez without a rebound.
17:04 of 3rd period - Todd White wins face-off versus Patrik Stefan in Wild zone.
17:33 of 3rd period - Shot by Pascal Dupuis.
17:33 of 3rd period - Stopped by Olaf Kolzig without a rebound.
17:34 of 3rd period - Pavol Demitra wins face-off versus Brian Sutherby in Capitals zone.
17:55 of 3rd period - Shot by Brian Rolston.
17:55 of 3rd period - Shot Misses the Net.
17:58 of 3rd period - Shot by Pavol Demitra.
17:58 of 3rd period - Stopped by Olaf Kolzig without a rebound.
17:59 of 3rd period - Rod Brind'Amour wins face-off versus Patrik Stefan in Capitals zone.
18:10 of 3rd period - Shot by Kyle Calder.
18:10 of 3rd period - Shot Misses the Net.
18:17 of 3rd period - Shot by Patrik Stefan.
18:17 of 3rd period - Shot Blocked by Keith Carney.
18:18 of 3rd period - Shot by Ben Clymer.
18:18 of 3rd period - Stopped by Manny Fernandez without a rebound.
18:19 of 3rd period - Wes Walz wins face-off versus Brian Sutherby in Wild zone.
18:28 of 3rd period - Shot by Mikael Samuelsson.
18:28 of 3rd period - Shot Misses the Net.
18:31 of 3rd period - Shot by Mikael Samuelsson.
18:31 of 3rd period - Shot Hit the Post.
18:34 of 3rd period - Shot by Lubomir Visnovsky.
18:34 of 3rd period - Shot Misses the Net.
18:50 of 3rd period - Wes Walz is hit by Steve Eminger and loses puck.
18:57 of 3rd period - Minor Penalty to Chris Clark for Delaying the game.
18:58 of 3rd period - Rod Brind'Amour wins face-off versus Andrew Cassels in Capitals zone.


Output by the SimonT Hockey Simulator (STHS) for Stephane Roy -- Original Page W3C XHTML 1.0 Valid